 Dungeon Crawl Stone Soup version 0.21.1-1-g345015fe64 (webtiles) character file.

170 Naru the Chopper (level 5, 0/47 HPs)
             Began as a Hill Orc Monk on June 22, 2018.
             Slain by an ogre
             ... wielding a +0 giant club
              (15 damage)
             ... on level 3 of the Dungeon.
             The game lasted 00:07:57 (3339 turns).

Naru the Chopper (Hill Orc Monk)                    Turns: 3339, Time: 00:07:57

Health: 0/47       AC:  9    Str: 14    XL:     5   Next: 50%
Magic:  5/5        EV:  4    Int: 10    God:
Gold:   226        SH:  7    Dex: 14    Spells: 4/4 levels left

rFire    . . .     SeeInvis .   a - +0 hand axe
rCold    . . .     Gourm    .   d - +0 shield
rNeg     + . .     Faith    .   w - +0 chain mail
rPois    .         Spirit   .   (no helmet)
rElec    .         Reflect  .   (no cloak)
rCorr    .         Harm     .   i - +0 pair of gloves
MR       .....                  (no boots)
Stlth    ..........             (no amulet)
HPRegen  0.15/turn              l - ring of positive energy
MPRegen  0.09/turn              s - ring of wizardry

@: very slightly contaminated
A: no striking features
a: no special abilities


You were on level 3 of the Dungeon.
You were not hungry.

You visited 1 branch of the dungeon, and saw 4 of its levels.

You collected 226 gold pieces.

Inventory:

Hand Weapons
 a - a +0 hand axe (weapon)
Missiles
 q - 7 tomahawks (quivered)
 t - 6 javelins
Armour
 d - a +0 shield (worn)
 i - a +0 pair of gloves (worn)
 w - a +0 chain mail (worn)
Jewellery
 l - a ring of positive energy (left hand)
 n - an uncursed ring of protection from cold
 s - a ring of wizardry (right hand)
Scrolls
 b - a scroll of blinking
 k - a scroll of remove curse {unknown}
 p - a scroll of fog {unknown}
 r - 2 scrolls of amnesia {unknown}
 v - a scroll of magic mapping {unknown}
Potions
 e - 3 potions of heal wounds
 g - a potion of might {unknown}
 m - 2 potions of ambrosia
 o - a potion of haste {unknown}
 u - a potion of degeneration {unknown}
Books
 h - a book of Minor Magic

   Spells                             Type                      Level
   a - Magic Dart                     Conjuration                  1
   b - Blink                          Translocation                2
   c - Call Imp                       Summoning                    2
   d - Slow                           Hexes                        2
   e - Conjure Flame                  Conjuration/Fire             3
   f - Mephitic Cloud                 Conjuration/Poison/Air       3
Comestibles
 c - 3 rations


   Skills:
 * Level 4.7 Fighting
 * Level 6.1 Axes
 + Level 1.4 Armour
 + Level 2.8 Dodging
 - Level 1.5 Stealth
 + Level 1.1 Shields


You had 4 spell levels left.
You didn't know any spells.

Dungeon Overview and Level Annotations

Branches:
Dungeon (4/15)
 Temple: D:4-7

Altars:
Makhleb
Ru
The Shining One


Message History

The ogre is lightly wounded.
You hit the ogre.
The ogre is moderately wounded.
The ogre hits you with a giant club!
You slash the ogre!
The ogre is heavily wounded.
The ogre barely misses you.
You hit the ogre.
The ogre is severely wounded.
The ogre barely misses you.
You hit the ogre.
The ogre is almost dead.
The ogre hits you with a giant club.
You hit the ogre.
The ogre is almost dead.
The ogre hits you with a giant club!
You closely miss the ogre.
The ogre is almost dead.
The ogre hits you with a giant club!
You die...

###...#...#...##
##...........##
####..>##....##
##......#..##
#..........#####
#########......#.......#
#...........#...........
#...........##..........
#......@O<..............
#......>...##...........
#..........###..........
#(...............<......
#..........####..#.##.#.
#..........# ##....##...
#..........###...[....#.
#..........#...###......
#####.###....######.....


You could see an ogre.

Vanquished Creatures
  An orc wizard (D:2)
  3 adders
  An ooze (D:2)
  5 worms
  3 leopard geckos
  4 orcs
  2 ball pythons
  11 bats
  8 giant cockroaches
  8 goblins
  8 hobgoblins
  4 jackals (D:1)
  4 quokkas
  3 frilled lizards
  6 kobolds
  9 rats
80 creatures vanquished.

Notes
Turn   | Place    | Note
-------+----------+-------------------------------------------
     0 | D:1      | Naru the Hill Orc Monk began the quest for the Orb.
     0 | D:1      | Reached XP level 1. HP: 19/19 MP: 1/1
   165 | D:1      | Reached XP level 2. HP: 17/27 MP: 2/2
   713 | D:1      | Reached XP level 3. HP: 32/33 MP: 3/3
  1505 | D:2      | Reached skill level 5 in Axes
  1534 | D:2      | Found a sacrificial altar of Ru.
  1562 | D:2      | Reached XP level 4. HP: 23/41 MP: 4/4
  1774 | D:2      | Found a burning altar of Makhleb.
  2222 | D:3      | Reached skill level 1 in Armour
  2223 | D:3      | Reached skill level 1 in Shields
  2539 | D:2      | Reached XP level 5. HP: 37/47 MP: 5/5
  2816 | D:3      | Reached skill level 6 in Axes
  3003 | D:3      | Found a glowing golden altar of the Shining One.
  3329 | D:4      | Noticed an ogre
  3339 | D:3      | Slain by an ogre

Skill      XL: |  1  2  3  4  5 |
---------------+----------------+-----
Fighting       | 4 |  4.7
Axes           | 5 6 |  6.1
Armour         | 1 |  1.4
Shields        | 1 |  1.1
Dodging        | |  2.8
Stealth        | |  1.5

Action                   |  1- 3 |  4- 6 || total
-------------------------+-------+-------++-------
Melee: Hand axe          |   122 |   213 ||   335
  Use: Potion            |       |     1 ||     1
       Scroll            |       |     4 ||     4
 Stab: Sleeping          |     1 |       ||     1
       Paralysed         |     1 |       ||     1
  Eat: Chunk             |     2 |     3 ||     5
       Ration            |       |     1 ||     1
Armor: Robe              |    18 |       ||    18
       Scale mail        |    33 |   111 ||   144
       Chain mail        |       |    36 ||    36
Dodge: Dodged            |    50 |    86 ||   136
Block: Shield            |    42 |   104 ||   146
